Cogmind - Beta 15 @@@ ROGUE MODE // 2025.09.07 @ 10:03:07 Player: McSaucyNugget Result: Destroyed by D-53 Grenadier with Mini Grenade Launcher Performance ------------- Evolutions (0) 0 Regions Visited (2) 400 Robots Destroyed (17) 85 Value Destroyed (406) 406 Prototype IDs (2) 40 Alien Tech Used (0) 0 Bonus (0) 0 TOTAL SCORE: 931 Bonus ------- None Cogmind --------- Core Integrity 0/250 Matter 110/300 Energy 72/100 System Corruption 0% Temperature Cool (51) Movement Core (1450) Ox28 Location -10/Mines Parts ------- > --- POWER (1) -------- (None) > --- PROPULSION (2) --- (None) > --- UTILITY (2) ------ Huge Storage Unit > --- WEAPON (2) ------- Pulse Rifle Minigun > --- INVENTORY (25) --- Ion Engine Light Nuclear Core Light Treads Light Treads Wheel Wheel Medium Storage Unit Large Storage Unit Light Armor Plating Beam Cannon Light Assault Rifle Shock Bomb Launcher Mining Laser Ripper Peak State ------------ > --- POWER ------------ Light Ion Engine > --- PROPULSION ------- Wheel Compact Wheel > --- UTILITY ---------- Heat Sink Huge Storage Unit > --- WEAPON ----------- Beam Cannon Flak Cannon > --- INVENTORY -------- Ion Engine Light Nuclear Core Light Treads Light Treads Wheel Wheel Medium Storage Unit Large Storage Unit Light Armor Plating Pulse Rifle Beam Cannon Light Assault Rifle Minigun Flak Cannon Shock Bomb Launcher Mining Laser Ripper [Rating: 12] Favorites ----------- Power Light Ion Engine Engine Light Ion Engine Propulsion Light Treads Treads Light Treads Wheel Compact Wheel Utility Heat Sink Device Heat Sink Storage Large Storage Unit Weapon Assault Rifle Energy Gun Pulse Rifle Energy Cannon Beam Cannon Ballistic Gun Assault Rifle Ballistic Cannon Flak Cannon Build | -11 -10 -10 ------- Run | Yrd Mat Min Slots Evolved . | . . . Power . | . . . Propulsion . | . . . Utility . | . . . Weapon . | . . . Parts Attached 16 | 6 4 6 Power 1 | 1 . . Engine 1 | 1 . . Core . | . . . Reactor . | . . . Propulsion 4 | 2 1 1 Treads 2 | 2 . . Leg . | . . . Wheel 2 | . 1 1 Hover . | . . . Flight . | . . . Utility 4 | 1 2 1 Device 1 | . 1 . Storage 3 | 1 1 1 Processor . | . . . Hackware . | . . . Protection . | . . . Artifact . | . . . Weapon 7 | 2 1 4 Energy Gun 1 | . . 1 Energy Cannon 1 | . 1 . Ballistic Gun 3 | 2 . 1 Ballistic Cannon 2 | . . 2 Launcher . | . . . Special Weapon . | . . . Impact Weapon . | . . . Slashing Weapon . | . . . Piercing Weapon . | . . . Special Melee Weapon . | . . . Unidentified Prototypes . | . . . Parts Lost 8 | . 1 7 Power 1 | . . 1 Propulsion 3 | . 1 2 Utility 1 | . . 1 Weapon 3 | . . 3 Highest Loss Streak 7 | . 1 7 To Critical Strikes . | . . . Average Backups 9 | 1 7 15 Power 1 | . 1 2 Propulsion 3 | 1 3 5 Utility 1 | . . 3 Weapon 2 | . 2 5 Tool/Special . | . . . Unused Backups 14 | . 1 13 Power 2 | . . 2 Propulsion 6 | . 1 5 Utility 2 | . . 2 Weapon 4 | . . 4 Tool/Special . | . . . Average Slot Usage (%) 97 | . 97 97 Engine 13 | . 13 12 Treads 18 | . 23 6 Wheel 9 | . 4 21 Device 12 | . 12 13 Storage 14 | . 14 14 Energy Cannon 7 | . 4 12 Ballistic Gun 18 | . 22 6 Ballistic Cannon 2 | . . 7 Peak Build Rating 12 | 6 8 12 Average Rating 7 | 4 7 9 On Entrance 4 | . 6 8 Naked Turns . | . . . Heaviest Build 93 | 11 29 93 Greatest Support 40 | 40 40 20 Greatest Overweight (x) 9 | . 1 9 Average Overweight (x) 1 | . . 5 Largest Inventory Capacity 25 | 8 15 25 Average Capacity 13 | 6 11 20 Most Carried 17 | 3 15 17 Average Carried 9 | 1 7 15 Final Capacity 25 | 8 15 25 Final Carried 15 | 3 15 14 Class Distribution -------------------- 100% | Mutant Dominant Class ---------------- Mutant | -10/Materials Mutant | -10/Mines Resources | -11 -10 -10 ----------- Run | Yrd Mat Min Matter Collected 450 | 183 201 66 Remotely . | . . . Salvage Created 548 | . 534 14 Parts 36 | . 35 1 Haulers Intercepted 2 | . 2 . Recyclers Shooed . | . . . Parts Field Recycled . | . . . Retrieved Matter . | . . . Parts Self-Destructed . | . . . Prevented . | . . . Kills | -11 -10 -10 ------- Run | Yrd Mat Min Combat Hostiles Destroyed 12 | . 11 1 Guns 6 | . 6 . Cannons 6 | . 5 1 Classes Destroyed 7 | . 6 1 Worker 1 | . 1 . Tunneler 1 | . 1 . Hauler 2 | . 2 . Watcher 1 | . 1 . Swarmer 3 | . 3 . Grunt 8 | . 8 . Demolisher 1 | . . 1 Best Kill Streak 3 | . 3 1 Combat Bots Only 3 | . 3 1 Max Kills in Single Turn 1 | . 1 1 Gunslinging . | . . . Exploded . | . . . Melee . | . . . Uniques/NPCs Destroyed . | . . . Combat | -11 -10 -10 -------- Run | Yrd Mat Min Hostile Shots Fired 68 | . 54 14 Missed 13 | . 13 . Hits 55 | . 41 14 Projectile 55 | . 41 14 AOE 18 | . . 18 Critical Strikes 2 | . 2 . Damage Taken 1160 | . 392 768 Core 252 | . 52 200 Absorbed by Shields . | . . . Core Remaining (%) 100 | 100 . . Volleys Fired 57 | . 49 8 Largest 2 | . 2 2 Hottest 97 | . 80 97 Shots Fired 114 | . 98 16 Gun 90 | . 84 6 Cannon 24 | . 14 10 Launcher . | . . . Special . | . . . Kinetic 97 | . 84 13 Thermal 17 | . 14 3 Explosive . | . . . Electromagnetic . | . . . Robot Hit Streak 19 | . 19 4 Robot Miss Streak 7 | . 4 7 Penetration Max . | . . . Secondary Targets . | . . . Shots Hit Robots 74 | . 63 11 Core Hits 31 | . 23 8 Critical Kills . | . . . Critical Parts Destroyed . | . . . Critical Strikes . | . . . Melee Attacks . | . . . Impact . | . . . Slashing . | . . . Piercing . | . . . Sneak Attacks . | . . . Combat Hostiles . | . . . Follow-up Attacks . | . . . Damage Inflicted 967 | . 773 194 Guns 599 | . 568 31 Cannons 355 | . 192 163 Explosions . | . . . Melee . | . . . Ramming 13 | . 13 . Kinetic 745 | . 568 177 Thermal 209 | . 192 17 Explosive . | . . . Electromagnetic . | . . . Impact . | . . . Slashing . | . . . Piercing . | . . . Highest Corruption . | . . . Average Corruption . | . . . Corruption Purged . | . . . Corruption Blocked . | . . . Overload Shots . | . . . Overflow Damage . | . . . Projectiles . | . . . Explosions . | . . . Melee . | . . . Knockbacks 3 | . . 3 Impact . | . . . Kinetic 3 | . . 3 Secondary . | . . . Self-Inflicted Damage . | . . . Shots . | . . . Rammed 3 | . 3 . Targets Rammed 3 | . 3 . Kicked . | . . . Crushed . | . . . Highest Temperature 76 | . 6 76 Average Temperature 16 | . 4 31 Received Heat Transfer 126 | . 117 9 Siege Activations . | . . . Martial Activations . | . . . Shielding Activations . | . . . Robots Disrupted . | . . . Combat Hostiles . | . . . Robots Corrupted . | . . . Combat Hostiles . | . . . Parts Fried . | . . . Impact Corruptions . | . . . Robots Melted . | . . . Combat Hostiles . | . . . Parts Melted . | . . . Heat Transferred 444 | . 407 37 Parts Sabotaged . | . . . Parts Stolen . | . . . Parts Stripped . | . . . Power Chain Reactions . | . . . Alert | -11 -10 -10 ------- Run | Yrd Mat Min Maximum Alert Level . | . . . Low Security (%) 100 | 100 100 100 Level 1 . | . . . Level 2 . | . . . Level 3 . | . . . Level 4 . | . . . Level 5 . | . . . High Security . | . . . Max Security . | . . . Peak Influence 121 | . 121 32 Initial 32 | . . 32 Average 30 | . 42 3 Influence Increases 452 | . 431 21 Destroy 0b10 Robot/C 240 | . 220 20 Destroy 0b10 Robot/NC 25 | . 25 . Destroy Leader 36 | . 36 . Allied During Kill 1 | . . 1 Successful Hack 15 | . 15 . Select Force Hacks 60 | . 60 . Disable Machine 15 | . 15 . Lose Combat Pursuer 60 | . 60 . Influence Decreases 452 | . 347 105 Entered New Map 52 | . . 52 Time Decay 369 | . 337 32 Lost Part 31 | . 10 21 Squads Dispatched 4 | . 4 . Investigation 3 | . 3 . Extermination . | . . . Reinforcement 1 | . 1 . Assault . | . . . Garrison . | . . . Intercept . | . . . Searches Triggered . | . . . Construction Impeded . | . . . Haulers Reinforced . | . . . Active Scanning Responses . | . . . Cargo Convoy Interrupts . | . . . Stealth | -11 -10 -10 --------- Run | Yrd Mat Min Distress Signals 3 | . 3 . Communications Jammed . | . . . Distress Signals . | . . . Times Spotted 27 | . 25 2 Peak Tracking Total 3 | . 3 2 Tactical Retreats 3 | . 3 . Traps | -11 -10 -10 ------- Run | Yrd Mat Min Traps Triggered 6 | . 5 1 Indirectly . | . . . Trap Hack Attempts . | . . . Triggered . | . . . Disarmed . | . . . Reprogrammed . | . . . Reused . | . . . Traps Extracted . | . . . Installed . | . . . Triggered . | . . . Machines | -11 -10 -10 ---------- Run | Yrd Mat Min Machines Disabled 1 | . 1 . Max in Single Turn 1 | . 1 . Machines Repaired . | . . . Machines Dismantled . | . . . Machines Sabotaged . | . . . Overloaded Fab Kills . | . . . Hacking | -11 -10 -10 --------- Run | Yrd Mat Min Machines Accessed 8 | . 7 1 Terminals 5 | . 5 . Fabricators . | . . . Repair Stations . | . . . Recycling Units 2 | . 2 . Scanalyzers . | . . . Garrison Access . | . . . Total Hacks 19 | . 18 1 Successful 14 | . 13 1 Failed 5 | . 5 . Catastrophic 1 | . 1 . Database Lockouts . | . . . Manual 16 | . 16 . Terminals 16 | . 16 . Fabricators . | . . . Repair Stations . | . . . Recycling Units 2 | . 2 . Scanalyzers . | . . . Garrison Access . | . . . Terminal Hacks 4 | . 3 1 Part Schematic 1 | . 1 . Prototype ID Bank 1 | . 1 . Open Door 1 | . . 1 Terminal Index 1 | . 1 . Fabricator Hacks . | . . . Repair Station Hacks . | . . . Recycling Unit Hacks . | . . . Scanalyzer . | . . . Garrison Access Hacks . | . . . Unauthorized Hacks 10 | . 10 . Terminals 8 | . 8 . Botnet 3 | . 3 . Skim 5 | . 5 . Fabricators . | . . . Repair Stations . | . . . Recycling Units 2 | . 2 . Tunnel 2 | . 2 . Scanalyzers . | . . . Garrison Access . | . . . Data Cores Recovered . | . . . Used . | . . . Hacking Detections 3 | . 3 . Full Trace Events 1 | . 1 . Feedback Events . | . . . Feedback Blocked . | . . . Robot Schematics Acquired . | . . . Robots Built . | . . . Authchips . | . . . Time . | . . . Total Robot Build Rating . | . . . Part Schematics Acquired 1 | . 1 . Parts Built . | . . . Authchips . | . . . Time . | . . . Total Part Build Rating . | . . . Parts Repaired . | . . . Time . | . . . Parts Recycled . | . . . Recycled Matter . | . . . Retrieved Matter . | . . . Retrieved Components . | . . . Parts Scanalyzed . | . . . Part Schematics Acquired . | . . . Parts Damaged . | . . . Bothacking | -11 -10 -10 ------------ Run | Yrd Mat Min Used RIF Installer . | . . . Robots Hacked . | . . . Non-combat . | . . . Combat . | . . . Robot Hacks Applied . | . . . Relay Couplers Released . | . . . Fabnet Peak Effective % . | . . . Robots Rewired . | . . . Allies Hacked . | . . . Hacks Repelled . | . . . Allies | -11 -10 -10 -------- Run | Yrd Mat Min Total Allies 3 | . . 3 Largest Group 3 | . . 3 Highest-Rated Group 40 | . . 40 Highest-Rated Ally 16 | . . 16 Total Orders . | . . . Ally Attacks 12 | . . 12 Total Damage 109 | . . 109 Kills . | . . . Allies Corrupted . | . . . Allies Melted . | . . . Intel | -11 -10 -10 ------- Run | Yrd Mat Min Active Infowar (turns) . | . . . Robot Analysis Total . | . . . Derelict Logs Recovered 1 | . . 1 Drone Launches . | . . . Drone Recoveries . | . . . Exploration | -11 -10 -10 ------------- Run | Yrd Mat Min Turns Passed 1502 | 70 1054 378 Spaces Moved 777 | 40 587 150 Core 4 | 4 . . Treads 454 | 36 348 70 Legs . | . . . Wheels 319 | . 239 80 Hover . | . . . Flight . | . . . Fastest Speed 50 | 50 115 215 Average Speed 159 | 149 143 226 Slowest Speed 240 | 160 240 240 Overloaded Moves . | . . . Propulsion Burnouts . | . . . Robots Hopped . | . . . Potential Cave-ins . | . . . Cave-ins Triggered . | . . . Exploration Rate (%) 43 | 4 87 39 Regions Visited 2 Branch Regions 1 Pre-discovered Areas 2 | . 2 . Known Exits Taken . | . . . Unknown Exits Taken 2 | 1 1 . Scrap Searched 1 | . . 1 Spaces Dug . | . . . Terrain Destroyed . | . . . Melee . | . . . Projectile . | . . . AOE . | . . . Terrain Rammed . | . . . Walls Destroyed . | . . . Machines Disabled . | . . . Actions | -11 -10 -10 --------- Run | Yrd Mat Min Total 924 | 48 703 173 Wait 37 | . 37 . Move 775 | 39 586 150 Hop . | . . . Pick Up 22 | 3 14 5 Fast Attach 16 | 6 9 1 Attach 4 | . 1 3 Detach . | . . . Swap 4 | . 2 2 Drop 6 | . 2 4 Fire 57 | . 49 8 Melee . | . . . Ram . | . . . Kick . | . . . Crush 3 | . 3 . Escape Stasis . | . . . Rewire . | . . . Trap . | . . . Miscellaneous . | . . . Route ------- -11/Scrapyard -10/Materials (discovered 4 exits: [*Mat x3] / *Min) -10/Mines (discovered 1 exit: [*Mat]) History --------- Turn | Location | Event 3 | -11/Scrapyard | Discovered new exit (range 15) 71 | -11/Scrapyard | Entered Materials 306 | -10/Materials | Build established: Mutant 390 | -10/Materials | Discovered new exit (range 4) 519 | -10/Materials | Discovered new exit (range 11) 807 | -10/Materials | Discovered new exit (range 16) 1004 | -10/Materials | Discovered new exit (range 16) 1125 | -10/Materials | Entered Mines 1140 | -10/Mines | Assisted by bots powering up and referring to "LRC-V3" 1236 | -10/Mines | Discovered new exit (range 8) 1270 | -10/Mines | Met a Derelict who couldn't figure out how to use a Trap Extractor 1381 | -10/Mines | Learned Materials garrison access intel 1394 | -10/Mines | A weapon hastily lodged in a ceiling crevice suddenly fell to the ground 1474 | -10/Mines | Assembled infested the area 1479 | -10/Mines | Assisted by a Guerilla fighting off Assembled 1484 | -10/Mines | Core integrity fell below 50% 1499 | -10/Mines | Core integrity fell below 20% 1503 | -10/Mines | Destroyed by D-53 Grenadier with Mini Grenade Launcher Last Messages --------------- 01479_ K0-JUU(h): "I'll hold them off! Go on ahead or try to find another way!" 01479_ HV Slug penetrates Wall. 01479_ K0-JUU(h) destroyed. 01479_ Beam Cannon destroyed. 01481_ Heat Sink destroyed. 01481_ Trooper 1b destroyed. 01484_ D-53 Grenadier knocked back. 01487_ D-53 Grenadier destroyed. 01488_ The unstable cave ceiling collapses. 01490_ Flak Cannon destroyed. 01492_ The unstable cave ceiling collapses. 01494_ Destroyed Shock Absorption System. 01495_ Flak Cannon destroyed. 01495_ Destroyed Flak Cannon. 01496_ The unstable cave ceiling collapses. 01496_ Com. Wheel destroyed. 01498_ Trooper 1a destroyed. 01499_ The unstable cave ceiling collapses. 01503_ Wheel destroyed. Map ----- +----------------------------------------------------+ | ???## ##??# ####### ##????????????????????????? | | ????# #??# #??????#??????????????????????????? | | ????## #??# #?????????????????????????????????? | | ?????## ##### #?????????????????????????????????? | | ??????##### #?????????????????????????????????? | | ??????????# ###?????????????????????????????????? | | ??????????# #???????????????????????????????????? | | ??????????# ##??????????????????????????????????? | | ??????????# ##?????????????????????????????????? | | ?????????## #?????????????????????????????????? | | ????????## #?????????????????????????????????? | | ????????# ##?????????????????????????????????? | | ???????## #??????????????????????????????????? | | ?????### ### ####???????????????????????????? | | ???### ???????????????????????? | | ???# ##########??????????????????????????? | | ???# # ##???????????????????????????????????? | | ???## ## #??????????????????#?????????????????? | | ?##### ## #????????????????? #?????????????????? | | ?# ## #???????????????? #?????????????????? | | ?# ### #####?????####### #?????????????????? | | ?# ## ##???## ####??????????????? | | ## #??## ???????????????? | | # #### ##????????????????? | | # #????????????????? | | ## """" @ #????????????????? | | ?## """" ##### #????????????????? | | ??# """" #???# ????????????? | | ??## #???## #?????????? | | ???## ###### #????## d ?????????? | | ????####????## ##?????####### ## ??????????? | | ?????????????###????????????? %%##??? ??????????? | | ?????????????????????????????? ]#????????????????? | | ??????????????????????????????? #????????????????? | | ???????????????????????????????##????????????????? | | ?????????????????????????????????????????????????? | | ?????????????????????????????????????????????????? | | ?????????????????????????????????????????????????? | | ?????????????????????????????????????????????????? | | | | | | | | | | | | | | | | | | | | | | | +----------------------------------------------------+ Best States ------------- Heat Dissipation 35 Energy Generation 10 Energy Capacity 125 Matter Stores 223 Matter Capacity 300 Sight Range 16 Terrain Scan Density 10 Evasion (%) 40 Recoil Reduction 2 Item Schematics ----------------- Lrg. Storage Unit | -10/Materials | Hacked Robot Schematics ------------------ None Fabricated ------------ Nothing Repaired ---------- Nothing Alien Tech Used ----------------- None Achievements -------------- None Challenges ------------ None Game ------ Seed BoreCarbideSword Manual? 0 Play Time 00:08:43 Cumulative 192.9 hours Start 2025.09.07 @ 09:56:00 End 2025.09.07 @ 10:03:07 Sessions 1 Manual Loads 0 Difficulty Rogue Special Mode None Game No. 90 Rogue 90 Adventurer 0 Explorer 0 Win Type - Total 18 Types 6/2/4/1/1/0/0/1/1/2 Lore% 73 Gallery% 72 Achievement% 67 Wizard Run 0 Options --------- Layout 0 ASCII 0 Keyboard 1 Movement Vi Keybinds 0 Fullscreen 2 Font 18/SmallcapsGlow Map View 76x50 Zoom Use 0% Tactical HUD 1 Map Filters NONE Filters NONE Steam 1 RUN: 73268d76-8e89-414c-82a1-4a3ec69d799f